 Dungeon Crawl Stone Soup version 0.31-a0-167-g1c394c0614 (webtiles) character file.

Game seed: 1243225473160028395

36 Moral the Chiller (level 3, -2/30 HPs)
             Began as a Naga Ice Elementalist on June 14, 2023.
             Slain by Grinder (5 damage)
             ... on level 3 of the Dungeon.
             The game lasted 00:09:34 (1508 turns).

Moral the Chiller (Naga Ice Elementalist)           Turns: 1508, Time: 00:09:35

Health: -2/30      AC:  3    Str: 10    XL:     3   Next: 37%
Magic:  1/6        EV: 10    Int: 17    God:
Gold:   61         SH:  0    Dex: 11    Spells: 2/6 levels left

rFire   . . .        d - +1 dagger (speed)
rCold   . . .        (no shield)
rNeg    . . .        a - +0 robe
rPois   +            (no helmet)
rElec   .            h - +0 cloak
rCorr   .            (no gloves)
SInv    +            (no barding)
Will    .....        (no amulet)
Stlth   ++           (no ring)
HPRegen 0.25/turn    (no ring)
MPRegen 0.10/turn

%: no passive effects
@: very slow
A: AC +1, large, see invisible, deformed body, poison resistance, slowness 2,
spit poison 1, naga tail 1
a: Spit Poison


You were on level 3 of the Dungeon.
You visited 1 branch of the dungeon, and saw 3 of its levels.

You collected 61 gold pieces.

Inventory:

Hand Weapons
 d - a +1 dagger of speed (weapon)
Armour
 a - a +0 robe (worn)
 h - a +0 cloak (worn)
Scrolls
 e - a scroll of identify
Potions
 b - a potion of magic
 c - a potion of might


   Skills:
 + Level 0.7 Fighting
 + Level 1.8 Dodging
 * Level 3.8 Stealth
 * Level 2.3 Spellcasting
 * Level 4.3 Ice Magic


You had 2 spell levels left.
You knew the following spells:

 Your Spells              Type           Power      Damage    Failure   Level
a - Freeze                Ice            64%        1d7       3%          1
b - Frozen Ramparts       Ice            32%        1d5       10%         3

Your spell library contained the following spells:

 Spells                   Type           Power      Damage    Failure   Level
 Necrotise                Necr           8%         1d4       19%         1
 Sandblast                Erth           4%         2d4       19%         1
 Passwall                 Tmut/Erth      1%         N/A       28%         2
 Ozocubu's Armour         Ice            16%        N/A       10%         3
 Stone Arrow              Conj/Erth      4%         3d7       50%         3
 Vampiric Draining        Necr           2%         2d6       50%         3
 Summon Ice Beast         Ice/Summ       9%         N/A       58%         4
 Leda's Liquefaction      Hex/Erth       1%         N/A       88%         4
 Agony                    Necr           2%         N/A       99%         5
 Lee's Rapid Deconstruct  Erth           1%         3d4*      99%         5
 Leda's Unmaking          Conj/Erth      1%         9d1       100%        6
 Statue Form              Tmut/Erth      1%         N/A       100%        6


Dungeon Overview and Level Annotations

Branches:
Dungeon (3/15)

Altars:
Hepliaklqana

Annotations:
D:3 Grinder


Innate Abilities, Weirdness & Mutations

Your serpentine skin is tough. (AC +1)
You have supernaturally acute eyesight. (SInv)
Armour fits poorly on your strangely shaped body.
Your system is resistant to poisons. (rPois)
You cover ground very slowly.
You can spit poison.
You have a snake-like lower body.


Message History

Aim: Grinder (54% to hit)
The splash of poison hits Grinder.
Grinder is poisoned.
Grinder is lightly wounded.
Casting: Freeze (safe; 3% risk of failure)
Confirm with . or Enter, or press ? or * to list all spells.
Aiming: Freeze (safe; 3% risk of failure)
Press: ? - help, Shift-Dir - straight line, f/p - Grinder
Aim: Grinder (lightly wounded, poisoned)
You freeze Grinder but do no damage.
Grinder completely resists.
Grinder resists.
The wall freezes Grinder.
Grinder hits you.
Unknown command.
Casting: Freeze (safe; 3% risk of failure)
Confirm with . or Enter, or press ? or * to list all spells.
Aiming: Freeze (safe; 3% risk of failure)
Press: ? - help, Shift-Dir - straight line, f/p - Grinder
Aim: Grinder (lightly wounded, poisoned)
You freeze Grinder but do no damage.
Grinder completely resists.
You have got your breath back.
Grinder completely resists.
The wall freezes Grinder but does no damage.
Grinder hits you.
You writhe in agony.
You barely miss Grinder.
Grinder is lightly wounded.
Grinder completely resists.
The wall freezes Grinder but does no damage.
Grinder hits you.
You writhe in agony.
* * * LOW HITPOINT WARNING * * *
Your frozen ramparts will break if you move.
Continue?
The frozen ramparts melt away as you move.
Grinder gestures at you. You resist with significant effort.
Grinder looks more healthy.
Grinder grins, showing sharp teeth.
Grinder attacks as you move away! Grinder barely misses you.
There is a stone staircase leading down here.
Grinder says, "At least Makhleb appreciates what I'm doing."
Grinder hits you.
* * * LOW HITPOINT WARNING * * *
You writhe in agony.
You die...

######### #.†.....#
#####.......#
#...........###
#.###.........#
#######.###......<..#
#.........#...5@..†.#
#.....)..†#...>.....#
#...........#.......#
#.........###.......#
#.........##....###.#
############....# .#
#....# .# .._...
.......#


You could see Grinder.

Vanquished Creatures
  A worm (D:3)
  A dart slug (D:1)
  2 bats (D:1)
  An endoplasm (D:1)
  A giant cockroach (D:1)
  4 goblins (D:1)
  3 hobgoblins (D:1)
  2 jackals (D:2)
  4 kobolds
  2 quokkas
  3 ball pythons
  A frilled lizard (D:1)
  5 rats
30 creatures vanquished.

Notes
Turn   | Place    | Note
-------+----------+-------------------------------------------
     0 | D:1      | Moral the Naga Ice Elementalist began the quest for the
                  | Orb.
     0 | D:1      | Reached XP level 1. HP: 15/15 MP: 3/3
   254 | D:1      | Reached XP level 2. HP: 14/22 MP: 1/5
   832 | D:1      | Reached XP level 3. HP: 30/30 MP: 0/6
  1289 | D:2      | Found a hazy altar of Hepliaklqana.
  1460 | D:3      | Found a faded altar of an unknown god.
  1486 | D:3      | Noticed Grinder
  1491 | D:3      | Learned a level 3 spell: Frozen Ramparts
  1508 | D:3      | Slain by Grinder

Illustrated notes

Levels and vault maps discovered:
D:1:      matt_arrival_spirals, layout_basic, serial_curves, eino_curves_04,
          eino_curves_04, nrook_mini_vaults
D:2:      layout_basic, basic_altar
D:3:      layout_basic, basic_ecumenical_altar, uniq_grinder

Action                     || total
---------------------------++-------
  Melee: Unarmed           ||     2
         Dagger            ||    29
   Cast: Freeze            ||    38
         Frozen Ramparts   ||     1
Ability: Spit Poison       ||     5
    Use: Scroll            ||     3
   Stab: Sleeping          ||     3
 Armour: Robe              ||    12
  Dodge: Dodged            ||    26

Table legend: (Time is in decaauts)
 A = Elapsed time spent in this place.
 B = Non-inter-level travel time spent in this place.
 C = Inter-level travel time spent in this place.
 D = Time resting spent in this place.
 E = Time spent auto-exploring this place.
 F = Levels seen in this place.
 G = Mean time per level.
                   A        B        C        D        E       F      G
               +--------+--------+--------+--------+--------+-----+--------+
         Total |   1905 |   1905 |      0 |     84 |   1337 |   3 |  635.0 |
       Dungeon |   1905 |   1905 |      0 |     84 |   1337 |   3 |  635.0 |
               +--------+--------+--------+--------+--------+-----+--------+

Top non-repeatable levels by time:
     D:1: 1298 daAuts
     D:2: 497 daAuts
     D:3: 110 daAuts
